 Dungeon Crawl Stone Soup version 0.19.5 (webtiles) character file.

128 Nelagord the Skirmisher (level 5, -1/29 HPs)
             Began as a Vine Stalker Gladiator on Mar 16, 2017.
             Killed from afar by Sigmund (6 damage)
             ... with a magic dart
             ... on level 4 of the Dungeon.
             The game lasted 00:07:11 (1502 turns).

Nelagord the Skirmisher (Vine Stalker Gladiator)    Turns: 1502, Time: 00:07:11

Health: -1/29      AC:  4    Str: 14 (17) XL:     5   Next: 11%
Magic:  0/6        EV: 13    Int:  5 (8)  God:
Gold:   102        SH:  0    Dex: 14 (16) Spells: 0 memorised, 4 levels left

rFire  . . .     SeeInvis .     a - +0 long sword
rCold  . . .     Gourm    .     b - +0 leather armour
rNeg   . . .     Faith    .     (no shield)
rPois  .         Spirit   +     c - +0 helmet
rElec  .         Reflect  .     (no cloak)
rCorr  .         Harm     .     (no gloves)
MR     .....                    (no boots)
Stlth  +.........               (no amulet)
                                (no ring)
                                (no ring)

@: no status effects
A: fangs 2, regeneration 1, magic shield, antimagic bite, no device heal 3, rot
immunity
a: no special abilities


You were on level 4 of the Dungeon.
You were not hungry.

You visited 1 branch of the dungeon, and saw 4 of its levels.

You collected 102 gold pieces.

Inventory:

Hand Weapons
 a - a +0 long sword (weapon)
 r - a +1 dagger of flaming
Missiles
 d - 3 throwing nets (quivered)
 p - 5 poisoned needles
Armour
 b - a +0 leather armour (worn)
 c - a +0 helmet (worn)
Jewellery
 h - a cursed ring of teleportation
 j - an uncursed ring of fire
 l - an uncursed ring of stealth {unknown}
Potions
 e - a potion of curing
 k - a potion of brilliance
Comestibles
 f - 5 bread rations
 g - 2 fruits
 i - a meat ration


   Skills:
 * Level 3.6 Fighting
 - Level 2.6 Long Blades
 - Level 1.7 Throwing
 * Level 3.5 Dodging


You had 4 spell levels left.
You didn't know any spells.

Dungeon Overview and Level Annotations

Branches:
Dungeon (4/15)
 Temple: D:4-7

Altars:
Fedhas

Annotations:
D:4 Sigmund


Innate Abilities, Weirdness & Mutations

You have extremely sharp teeth.
Your natural rate of healing is unusually fast.
When hurt, damage is shared between your health and your magic reserves.
Your bite disrupts and absorbs the magic of your enemies.
Potions and wands cannot restore your health.
You are immune to rotting.


Message History

Something completely misses you. Something hits you. Something hits you.
You closely miss something. Your bite misses something. Something hits you.
You hit something but do no damage. Something hits you.
You miss something. You slash something! Your bite misses something.
Something hits you!
You barely miss something. You bite something. Something hits you!
* * * LOW HITPOINT WARNING * * *
Okay, then.
You hit something. Your bite misses something.
You hear some strange, mumbled words.
A magic dart appears from out of thin air!
The magic dart hits you!
* * * LOW HITPOINT WARNING * * *
You hear some strange, mumbled words.
Something tries to affect you, but you resist.
A magic dart appears from out of thin air!
The magic dart hits you!
You die...

##..P.P...# ###
#######<.PP..P..##...
#........P._PP.......
##.........PP.P.....#
#...#.###..P.P.....#
#...#..............#
#####.....#............###
##......##.#..##.##).......
#......>..@................
#..........#.######.#....##
#.......##.#.#....#.######
#........(.#.#.##.#.##
#......##....#.#.....#
##.....##.####.####..#
#.............# ......
#.....###.....# ####.##
#..... #...#.# .#


There were no monsters in sight!

Vanquished Creatures
  A hound skeleton (D:4)
  4 gnolls (D:3)
  2 adders (D:3)
  2 leopard geckos
  2 orcs (D:3)
  3 giant cockroaches (D:3)
  6 goblins
  8 hobgoblins
  A jackal (D:1)
  8 kobolds
  A quokka (D:2)
  A ball python skeleton (D:4)
  7 bats
  3 frilled lizards
  8 rats
57 creatures vanquished.

Notes
Turn   | Place    | Note
-------+----------+-------------------------------------------
     0 | D:1      | Nelagord the Vine Stalker Gladiator began the quest for the Orb.
     0 | D:1      | Reached XP level 1. HP: 11/11 MP: 2/2
   119 | D:1      | Reached XP level 2. HP: 9/15 MP: 3/3
   584 | D:2      | Reached XP level 3. HP: 19/19 MP: 4/4
   938 | D:3      | Gained mutation: Your natural rate of healing is unusually fast. [Vine Stalker growth]
   938 | D:3      | Reached XP level 4. HP: 3/24 MP: 5/5
  1429 | D:4      | Found a blossoming altar of Fedhas.
  1436 | D:4      | Reached XP level 5. HP: 28/28 MP: 6/6
  1464 | D:4      | Noticed Sigmund
  1502 | D:4      | Killed from afar by Sigmund

Skill      XL: |  1  2  3 |
---------------+----------+-----
Fighting       | 2 3 |  3.6
Dodging        | 3 |  3.5
Long Blades    | |  2.6
Throwing       | |  1.7

Action                   |  1- 3 |  4- 6 || total
-------------------------+-------+-------++-------
Melee: Long sword        |    59 |    49 ||   108
       Bite              |    24 |    15 ||    39
  Use: Scroll            |       |     4 ||     4
       Potion            |       |     4 ||     4
 Stab: Sleeping          |       |     1 ||     1
  Eat: Bread ration      |       |     1 ||     1
Armor: Leather armour    |    27 |    12 ||    39
Dodge: Dodged            |    61 |    56 ||   117
       Rpst.: Long sword |    25 |    15 ||    40
